 Dungeon Crawl Stone Soup version 0.19-a0-1206-g6bcb79c (webtiles) character file.

6461 LORDOFBUTT the Blocker (level 10, 0/88 HPs)
             Began as a Minotaur Fighter on Aug 22, 2016.
             Was an Initiate of Gozag.
             Slain by an orc warrior
             ... wielding a +0 hand axe
              (4 damage)
             ... on level 9 of the Dungeon.
             The game lasted 00:12:45 (8741 turns).

LORDOFBUTT the Blocker (Minotaur Fighter)           Turns: 8741, Time: 00:12:46

Health: 0/88       AC: 11    Str: 21    XL:     10   Next: 68%
Magic:  12/12      EV: 18    Int:  5    God:    Gozag
Gold:   1148       SH: 12    Dex: 13    Spells: 0 memorised, 9 levels left

rFire  . . .     SeeInvis .     a - +0 war axe
rCold  + . .     Gourm    .     b - +0 scale mail
rNeg   . . .     Faith    .     c - +0 shield
rPois  .         Spirit   .     (helmet restricted)
rElec  .         Dismiss  +     (no cloak)
rCorr  .         Reflect  .     C - +2 pair of gloves
MR     .....     Harm     .     (no boots)
Stlth  ..........               x - amulet of dismissal
                                e - ring of protection from cold
                                H - +5 ring of evasion

@: no status effects
A: retaliatory headbutt, horns 2
a: Potion Petition, Call Merchant, Bribe Branch, Renounce Religion


You were on level 9 of the Dungeon.
You worshipped Gozag.
Gozag was most pleased with you.
You were not hungry.

You visited 3 branches of the dungeon, and saw 11 of its levels.

You collected 1274 gold pieces.
You paid 126 gold pieces to Gozag.

Inventory:

Hand Weapons
 a - a +0 war axe (weapon)
Armour
 b - a +0 scale mail (worn)
 c - a +0 shield (worn)
 C - a +2 pair of gloves (worn)
Jewellery
 e - a ring of protection from cold (right hand)
 v - an uncursed ring of fire
 x - an amulet of dismissal (around neck)
 H - a +5 ring of evasion (left hand)
 M - a +3 ring of intelligence
 P - an uncursed amulet of inaccuracy
 S - an uncursed ring of protection from cold
Wands
 g - a wand of flame (24/48)
 o - a wand of polymorph (5/24)
 q - a wand of polymorph (10/24)
 r - a wand of disintegration (14/24)
 G - a wand of paralysis (16/24)
 I - a wand of slowing (25/48)
 J - a wand of teleportation (5/9)
 K - a wand of flame (33/48)
 O - a wand of confusion (30/48)
 Q - a wand of confusion (20/48)
 V - a wand of random effects (39/48)
 W - a wand of flame (22/48)
Scrolls
 h - 3 scrolls of fog
 n - a scroll of identify
 s - 4 scrolls of amnesia
 t - a scroll of teleportation
 y - 4 scrolls of remove curse
 R - a scroll of magic mapping
Potions
 i - 2 potions of agility
 j - 2 potions of flight
 k - a potion of magic
 l - a potion of cancellation
 m - a potion of ambrosia {unknown}
 u - 2 potions of beneficial mutation {unknown}
 z - 3 potions of lignification
 D - 2 potions of cure mutation {unknown}
Books
 p - a book of Geomancy

   Spells                             Type                      Level
   a - Sandblast                      Earth                        1
   b - Passwall                       Transmutation/Earth          2
   c - Stone Arrow                    Conjuration/Earth            3
   d - Petrify                        Transmutation/Earth          4
   e - Lee's Rapid Deconstruction     Earth                        5
 B - a book of Cantrips

   Spells                             Type                      Level
   a - Confusing Touch                Hexes                        1
   b - Animate Skeleton               Necromancy                   1
   c - Summon Small Mammal            Summoning                    1
   d - Apportation                    Translocation                1
 F - a Fen Folio

   Spells                             Type                      Level
   a - Corpse Rot                     Necromancy                   2
   b - Stone Arrow                    Conjuration/Earth            3
   c - Leda's Liquefaction            Hexes/Earth                  4
   d - Summon Forest                  Summoning/Translocation      5
   e - Hydra Form                     Transmutation                6
   f - Summon Hydra                   Summoning                    7
 N - a book of Enchantments

   Spells                             Type                      Level
   a - Cause Fear                     Hexes                        4
   b - Yara's Violent Unravelling     Hexes/Transmutation          5
   c - Silence                        Hexes/Air                    5
   d - Deflect Missiles               Charms/Air                   6
   e - Haste                          Charms                       6
   f - Discord                        Hexes                        8
Comestibles
 d - a royal jelly
 f - 5 bread rations
 E - 3 meat rations
 L - 4 fruits
 U - 8 slices of pizza


   Skills:
 + Level 8.2 Fighting
 + Level 8.3 Axes
 + Level 9.2 Armour
 + Level 7.5 Dodging
 + Level 1.0 Stealth
 + Level 9.8 Shields
 * Level 4.4 Evocations


You had 9 spell levels left.
You didn't know any spells.

Dungeon Overview and Level Annotations

Branches:
Dungeon (9/15)             Temple (1/1) D:5            Lair (0/6) D:9
    Orc (1/2) D:9

Altars:
Ashenzari
Cheibriados
Dithmenos
Elyvilon
Fedhas
Gozag
Hepliaklqana
Kikubaaqudgha
Makhleb
Nemelex Xobeh
Okawaru
Qazlal
Ru
Sif Muna
Trog
Uskayaw
Vehumet
Xom
Yredelemnul
Zin
The Shining One
Beogh


Innate Abilities, Weirdness & Mutations

You reflexively headbutt those who attack you in melee.
You have a pair of horns on your head.


Message History

The orc warrior is severely wounded.
The orc warrior misses you.
You closely miss the orc warrior.
The orc warrior is severely wounded.
The orc warrior completely misses you.
You barely miss the orc warrior.
The orc warrior is severely wounded.
You block the orc warrior's attack. The orc warrior barely misses you.
You hit the orc warrior. Your headbutt misses the orc warrior.
The orc warrior is almost dead.
The orc warrior hits you with a hand axe.
* * * LOW HITPOINT WARNING * * *
You hit the orc warrior.
The orc warrior is almost dead.
You block the orc warrior's attack.
You hit the orc warrior but do no damage.
The orc warrior is almost dead.
The orc warrior hits you with a hand axe.
You die...
Your body crumbles into a pile of gold.

...............#########..####...
....>............>............)..
..............................[..
.........##8'8#####8'8#####......
.........#......8......# #......
.........#.............# #......
.........#...⌠.._..⌠...# #......
.........#.............# #......
.........#......@o.....# #......
.........############### #......
...........# #..# #......
...........#########..#####......
...<..................(...>......
.................................
..########..#######..#####..#####
..# #..# #..# #..# ..# #..#
#####..# #..#


You could see an orc warrior.

Vanquished Creatures
  The ghost of ProzacElf the Geomancer, a novice FoEE (D:5)
  Pikel (D:4)
  A gargoyle (D:9)
  A troll (D:9)
  A two-headed ogre (D:7)
  A yak (D:9)
  A human (D:8)
  The ghost of keltonhicks the Skirmisher, an amateur DsCK of Xom (D:4)
  A hippogriff (D:7)
  8 orc warriors
  Duvessa (D:4)
  A slave (D:4)
  4 ice beasts
  An ogre (D:8)
  2 centaurs
  The ghost of Papajoes the Conjurer, an amateur OpCj (D:3)
  8 giant frogs
  Dowan (D:4)
  A water moccasin zombie (D:6)
  5 scorpions
  6 killer bees
  5 howler monkeys
  7 crimson imps
  A centaur zombie (D:5)
  2 quasits (D:9)
  2 hounds
  7 orc priests
  5 orc wizards
  3 iguanas
  A hell rat (D:9)
  3 worker ants
  2 killer bee zombies
  4 sheep
  A hound zombie (D:7)
  A hound skeleton (D:5)
  2 gnolls (Orc:1)
  3 river rats (D:9)
  8 adders
  A shadow imp (D:6)
  4 oozes
  An adder skeleton (D:5)
  A worm (D:2)
  3 dart slugs
  A giant gecko (D:2)
  48 orcs
  A ball python (D:3)
  6 bats
  6 giant cockroaches
  7 goblins
  8 hobgoblins
  13 jackals
  7 kobolds
  10 quokkas
  A giant newt (D:4)
  A jackal skeleton (D:6)
  A jackal zombie (D:5)
  6 rats
231 creatures vanquished.

Vanquished Creatures (others)
  A wizard (D:3)
  An orc wizard (D:4)
2 creatures vanquished.

Grand Total: 233 creatures vanquished

Notes
Turn   | Place    | Note
-------+----------+-------------------------------------------
     0 | D:1      | LORDOFBUTT the Minotaur Fighter began the quest for the Orb.
     0 | D:1      | Reached XP level 1. HP: 19/19 MP: 0/0
   109 | D:1      | Reached XP level 2. HP: 26/27 MP: 1/1
   927 | D:1      | Reached XP level 3. HP: 33/33 MP: 2/2
  1470 | D:2      | Reached skill level 1 in Dodging
  1669 | D:2      | Reached XP level 4. HP: 40/40 MP: 3/3
  2000 | D:3      | Reached XP level 5. HP: 13/46 MP: 4/4
  2227 | D:3      | Found a radiant altar of Vehumet.
  2231 | D:3      | Noticed Papajoes's ghost (amateur OpCj)
  2248 | D:3      | Killed Papajoes's ghost
  2248 | D:3      | Reached skill level 5 in Shields
  2275 | D:3      | Found a bloodstained altar of Trog.
  2584 | D:3      | Found a bloodstained altar of Trog.
  2585 | D:3      | Noticed a wizard
  2591 | D:3      | Killed a wizard
  2643 | D:4      | Noticed Duvessa
  2643 | D:4      | Noticed Dowan
  2645 | D:4      | Noticed keltonhicks's ghost (amateur DsCK)
  2654 | D:4      | Killed Duvessa
  2654 | D:4      | Reached XP level 6. HP: 35/53 MP: 5/5
  2656 | D:4      | Killed Dowan
  2656 | D:4      | Reached skill level 5 in Armour
  2867 | D:4      | Found an iron altar of Okawaru.
  2964 | D:4      | Killed keltonhicks's ghost
  2964 | D:4      | Reached XP level 7. HP: 18/60 MP: 6/6
  2974 | D:4      | Found a snail-covered altar of Cheibriados.
  2974 | D:4      | Found a stormy altar of Qazlal.
  3418 | D:4      | Noticed Pikel
  3425 | D:4      | Paralysed by Pikel for 5 turns
  3437 | D:4      | Killed Pikel
  3437 | D:4      | Reached skill level 5 in Fighting
  3437 | D:4      | Reached XP level 8. HP: 22/69 MP: 7/7
  3599 | D:5      | Entered Level 5 of the Dungeon
  3599 | D:5      | Found a glowing silver altar of Zin.
  3657 | D:5      | Reached skill level 5 in Axes
  3776 | D:5      | Noticed ProzacElf's ghost (novice FoEE)
  3787 | D:5      | Killed ProzacElf's ghost
  3787 | D:5      | Reached skill level 5 in Dodging
  3851 | D:5      | Found a staircase to the Ecumenical Temple.
  4345 | D:6      | Reached XP level 9. HP: 52/78 MP: 8/8
  4347 | D:6      | Reached skill level 1 in Evocations
  4710 | D:6      | Found a shadowy altar of Dithmenos.
  4979 | Temple   | Entered the Ecumenical Temple
  5119 | Temple   | Became a worshipper of Gozag Ym Sagoz the Greedy
  5254 | D:7      | Reached skill level 1 in Stealth
  6497 | D:8      | Reached XP level 10. HP: 78/86 MP: 11/11
  6758 | D:9      | Found a staircase to the Lair.
  6914 | D:9      | Found a shattered altar of Ashenzari.
  7103 | D:9      | Noticed a gargoyle
  7805 | D:9      | Killed a gargoyle
  8432 | D:9      | Found a roughly hewn altar of Beogh.
  8531 | D:9      | Found a staircase to the Orcish Mines.
  8684 | Orc:1    | Entered Level 1 of the Orcish Mines
  8739 | D:9      | HP: 3/88 [orc warrior/hand axe (3)]
  8741 | D:9      | Slain by an orc warrior

Vault maps used:
D:1:      dpeg_arrival_rhombus
D:2:      kennysheep_big_flooded_room, minmay_strange_pillars
D:3:      overflow_temple_1_default, old_standard_altar, trog_wizard
D:4:      amethyst_overflow_temple_binary, kennysheep_okawaru_gauntlet,
          uniq_pikel, uniq_duvessa
D:5:      first_bread, basic_altar, corexii_hall_statues_l, serial_bayou_pond_d
D:6:      nicolae_dithmenos_through_a_glass_darkly
D:8:      grunt_livestock
D:9:      dpeg_lair_monsters, david_orc_5, basic_altar
Temple:   regret_index_temple_sphere_string

Skill      XL: |  1  2  3  4  5  6  7  8  9 10 |
---------------+-------------------------------+-----
Armour         | 4 5 6 8 9 |  9.2
Shields        | 4 5 6 7 8 9 |  9.8
Axes           | 3 4 5 7 8 |  8.3
Dodging        | 1 2 3 4 5 6 7 |  7.5
Fighting       | 4 5 6 7 8 |  8.2
Evocations     | 3 4 |  4.4
Stealth        | 1 |  1.0

Action                   |  1- 3 |  4- 6 |  7- 9 | 10-12 || total
-------------------------+-------+-------+-------+-------++-------
Melee: War axe           |    77 |   125 |   287 |   207 ||   696
       Headbutt          |    12 |    19 |    63 |    45 ||   139
Evoke: Wand              |     2 |       |       |     3 ||     5
  Use: Scroll            |     5 |     4 |     4 |     9 ||    22
       Potion            |       |     5 |     3 |     4 ||    12
  Eat: Fruit             |     2 |       |       |       ||     2
       Pizza             |     1 |       |     1 |       ||     2
       Meat ration       |       |     2 |     1 |       ||     3
       Bread ration      |       |       |     1 |       ||     1
       Beef jerky        |       |       |       |     3 ||     3
Armor: Scale mail        |    36 |    71 |    86 |    78 ||   271
Dodge: Dodged            |    31 |    60 |   132 |   220 ||   443
Block: Shield            |    38 |    90 |   168 |   212 ||   508
